 Dungeon Crawl Stone Soup version 0.30.1-3-gfc49f6343a (webtiles) character file.

Game seed: 9623176404306634471

1568 FishyPogo the Transmogrifier (level 8, -4/81 (91) HPs)
             Began as a Green Draconian Transmuter on Aug 8, 2023.
             Was an Elder of Wu Jian.
             Slain by a wight
             ... wielding a +4 scimitar
              (9 damage)
             ... on level 6 of the Dungeon.
             The game lasted 00:20:28 (5574 turns).

FishyPogo the Transmogrifier (DrTm)                 Turns: 5574, Time: 00:20:28

HP:   -4/81 (91)    AC:  7    Str: 13    XL:     8   Next: 59%
MP:   10/12         EV: 17    Int: 15    God:    Wu Jian [****..]
Gold: 356           SH:  0    Dex: 12    Spells: 7/13 levels left

rFire   . .          .
                       - Unarmed
rCold   . . .        (no shield)
rNeg    . . .        (body armour unavailable)
rPois   +            (helmet currently unavailable)
rElec   .            E - +0 cloak
rCorr   +            (no gloves)
SInv    .            (boots currently unavailable)
Will    .....        (no amulet) Stlth
                     d - +5 ring of evasion
HPRegen 0.33/turn    j - ring of resist corrosion
MPRegen 0.13/turn

%: no passive effects
@: berserking, appendages (expiring), wereblooded, heavily drained, very quick
A: horns 2, talons 2, breathe noxious fumes, AC +6, unfitting armour, poison
resistance, cold-blooded
a: Breathe Noxious Fumes, End Transformation, Renounce Religion, Wall Jump,
Serpent's Lash


You were on level 6 of the Dungeon.
You worshipped Wu Jian.
Wu Jian was greatly pleased with you.
You had temporarily grown beastly horns and talons.
You visited 1 branch of the dungeon, and saw 6 of its levels.

You collected 356 gold pieces.

Inventory:

Hand Weapons
 G - the +7 dire flail "Gyoxiastri" {flame, rPois Will++ MP+9 Int-4}
   (You took it off an ogre on level 5 of the Dungeon)

   Int:       It affects your intelligence (-4).
   rPois:     It protects you from poison.
   MP:        It affects your magic capacity (+9).
   Will:      It greatly increases your willpower.
Missiles
 b - 51 stones
 p - 8 javelins
 q - 5 boomerangs
 A - 2 throwing nets
Armour
 E - a +0 cloak (worn)
Magical Staves
 w - a staff of conjuration
Jewellery
 d - a +5 ring of evasion (left hand)
 j - a ring of resist corrosion (right hand)
 s - a ring of positive energy
 t - a ring of flight
 B - a ring of ice
Wands
 D - a wand of mindburst (13)
Scrolls
 c - a scroll of torment {unknown}
 e - 5 scrolls of teleportation {unknown}
 f - a scroll of blinking {unknown}
 g - 6 scrolls of identify {unknown}
 i - 2 scrolls of enchant armour {unknown}
 l - 4 scrolls of fear {unknown}
 m - a scroll of poison {unknown}
 r - 2 scrolls of immolation {unknown}
 u - a scroll of fog {unknown}
Potions
 a - 4 potions of lignification
 h - a potion of magic {unknown}
 k - a potion of heal wounds {unknown}
 n - a potion of berserk rage
 o - a potion of attraction {unknown}
 v - a potion of curing
 z - 3 potions of flight {unknown}
 F - a potion of brilliance {unknown}


   Skills:
 + Level 2.0 Fighting
 * Level 0.0 Maces & Flails
 + Level 2.0 Dodging
 - Level 5.0 Unarmed Combat
 - Level 3.0 Spellcasting
 * Level 8.1 Transmutations
 - Level 0.5 Ice Magic
 + Level 5.1 Evocations


You had 7 spell levels left.
You knew the following spells:

 Your Spells              Type           Power      Damage    Failure   Level
a - Beastly Appendage     Tmut           52%        N/A       1%          1
b - Wereblood             Tmut           26%        N/A       1%          2
c - Spider Form           Tmut/Pois      14%        N/A       11%         3

Your spell library contained the following spells:

 Spells                   Type           Power      Damage    Failure   Level
 Ice Form                 Ice/Tmut       15%        N/A       32%         4
 Ozocubu's Armour         Ice            3%         N/A       43%         3
 Anguish                  Hex/Necr       1%         N/A       89%         4
 Cause Fear               Hex            1%         N/A       89%         4
 Simulacrum               Ice/Necr       1%         N/A       100%        6
 Enfeeble                 Hex            1%         N/A       100%        7
 Ozocubu's Refrigeration  Ice            1%         4d7       100%        7
 Polar Vortex             Ice            1%         N/A       100%        9


Dungeon Overview and Level Annotations

Branches:
Dungeon (6/15)
 Temple: D:4-7

Altars:
Wu Jian


Innate Abilities, Weirdness & Mutations

You have temporarily grown beastly horns and talons.
You can breathe blasts of noxious fumes.
Your lurid green scales are hard. (AC +6)
You cannot fit into any form of body armour.
Your system is resistant to poisons. (rPois)
You are cold-blooded and may be slowed by cold attacks.


Message History

You claw the wight.
Your tail-slap misses the wight.
The wight is heavily damaged.
The wight completely misses you.
Aiming: Wall Jump
Press: ? - help, Dir - move target You repeatedly attack the wight from above.
You hit the wight. You claw the wight. You tail-slap the wight.
The wight is heavily damaged.
You hit the wight. You claw the wight.
The wight is almost destroyed.
You repeatedly attack the wight from above.
You hit the wight but do no damage.
The wight is heavily damaged.
You hit the wight.
The wight is heavily damaged.
You hit the wight.
The wight is severely damaged.
You repeatedly attack the wight from above.
You barely miss the wight. You claw the wight.
The wight is heavily damaged.
You closely miss the wight.
The wight is heavily damaged.
Your transformation is almost over.
The wight hits you with a +4 morningstar!
The wight misses you. The wight completely misses you.
The wight hits you with a +4 morningstar!
The wight hits you with a +4 scimitar!
* * * LOW HITPOINT WARNING * * *
You feel drained.
* * * LOW HITPOINT WARNING * * *
The wight hits you with a +0 war axe.
* * * LOW HITPOINT WARNING * * *
You feel drained.
* * * LOW HITPOINT WARNING * * *
Okay, then.
It was a potion of berserk rage.
A red film seems to cover your vision as you go berserk!
You feel yourself moving faster!
You feel mighty! The wight barely misses you.
The wight hits you with a +4 scimitar!
You die...

#.# ##.# .
#... #. #..#
#.. +..#
#...##<####
#.........#
#)......z.#
+......@z.#
#......zz.#
...........#
#.........z#
###.#....(.#
#......#.#
######....
###..# ...


You could see 5 wights.

Vanquished Creatures
  Sigmund (D:3)
  The ghost of jaiteiro the Chopper, an amateur VSFi (D:5)
  A steam dragon (D:5)
  A water moccasin (D:5)
  2 ogres
  A phantom (D:4)
  A kobold brigand (D:5)
  Blork the orc (D:4)
  2 scorpions (D:4)
  A hound (D:5)
  3 orc priests
  A sleepcap (D:4)
  2 orc wizards
  Natasha (thrice) (D:3)
  Ijyb (D:5)
  4 gnolls
  11 adders
  2 ufetubi (D:5)
  4 dart slugs
  21 orcs
  10 ball pythons
  5 bats
  3 endoplasms
  4 giant cockroaches
  6 goblins
  4 hobgoblins
  2 jackals (D:3)
  A quokka (D:1)
  10 frilled lizards
  9 kobolds
  2 rats
120 creatures vanquished.

Notes
Turn   | Place    | Note
-------+----------+-------------------------------------------
     0 | D:1      | FishyPogo the Draconian Transmuter began the quest for the
                  | Orb.
     0 | D:1      | Reached XP level 1. HP: 16/16 MP: 3/3
   950 | D:2      | Reached XP level 2. HP: 17/23 MP: 3/5
  1117 | D:2      | Reached XP level 3. HP: 29/29 MP: 6/6
  1120 | D:2      | Learned a level 2 spell: Wereblood
  1265 | D:2      | Found a faded altar of an unknown god.
  1273 | D:2      | Prayed at the altar of an unknown god.
  1273 | D:2      | Became a worshipper of the Wu Jian Council
  1273 | D:2      | Reached * piety under Wu Jian
  1351 | D:2      | Reached skill level 3 in Transmutations
  1423 | D:2      | Reached XP level 4. HP: 36/36 MP: 3/7
  1570 | D:2      | Reached ** piety under Wu Jian
  1765 | D:3      | Noticed Natasha
  1776 | D:3      | Killed Natasha
  1911 | D:3      | Noticed Natasha
  2008 | D:3      | Reached XP level 5. HP: 32/41 MP: 9/9
  2076 | D:3      | Killed Natasha
  2297 | D:3      | Noticed Sigmund
  2303 | D:3      | Learned a level 3 spell: Spider Form
  2316 | D:3      | Killed Sigmund
  2317 | D:3      | Reached skill level 4 in Transmutations
  2317 | D:3      | Reached XP level 6. HP: 48/48 MP: 6/10
  2530 | D:3      | Noticed Natasha
  2541 | D:3      | Killed Natasha
  2542 | D:3      | Reached skill level 5 in Transmutations
  2863 | D:4      | Found an ornate altar of the Wu Jian Council.
  2897 | D:4      | Reached skill level 6 in Transmutations
  2897 | D:4      | Your scales start taking on a lurid green colour.
  2897 | D:4      | Reached XP level 7. HP: 41/55 MP: 11/11
  2897 | D:4      | Gained mutation: Your system is resistant to poisons.
                  | (rPois) [Green Draconian growth]
  3240 | D:4      | Reached *** piety under Wu Jian
  3493 | D:4      | Reached skill level 5 in Unarmed Combat
  3726 | D:4      | Reached skill level 1 in Evocations
  3743 | D:4      | Noticed Blork the orc
  3751 | D:4      | Killed Blork the orc
  4079 | D:5      | Entered Level 5 of the Dungeon
  4428 | D:5      | Noticed a steam dragon
  4440 | D:5      | Killed a steam dragon
  4441 | D:5      | Reached skill level 7 in Transmutations
  4441 | D:5      | Reached XP level 8. HP: 57/61 MP: 9/12
  4676 | D:5      | Reached **** piety under Wu Jian
  4772 | D:5      | Noticed Ijyb
  4781 | D:5      | Killed Ijyb
  5316 | D:5      | Found a transporter.
  5319 | D:5      | Noticed jaiteiro's ghost (amateur VSFi)
  5319 | D:5      | Identified the +7 dire flail "Gyoxiastri" {flame, rPois
                  | Will++ MP+9 Int-4}
  5323 | D:5      | Found a transporter.
  5345 | D:5      | Killed jaiteiro's ghost
  5346 | D:5      | Reached skill level 8 in Transmutations
  5346 | D:5      | Reached skill level 5 in Evocations
  5574 | D:6      | Slain by a wight

Illustrated notes

Levels and vault maps discovered:
D:1:      dpeg_arrival_arbitrary_b, layout_loops_corners
D:2:      layout_basic, basic_ecumenical_altar, chequers_serial_rivers_room_b,
          minmay_strange_pillars, nicolae_kite_square_tiling_tiny
D:3:      layout_loops_ring, st_stairs_14, kennysheep_generic_room_16,
          uniq_natasha, uniq_sigmund
D:4:      layout_basic, mainiacjoe_overflow_small_starburst, uniq_blork_the_orc
D:5:      layout_basic, gammafunk_ghost_smash, lexackson_kobold_supper,
          uniq_ijyb
D:6:      layout_basic, minmay_temple_entry_overgrown, uniq_menkaure,
          uniq_crazy_yiuf_cottage

Skill      XL: |  1  2  3  4  5  6  7  8 |
---------------+-------------------------+-----
Dodging        | 2 |  2.0
Fighting       | 2 |  2.0
Transmutations | 3 4 6 7 8 |  8.1
Unarmed Combat | 4 5 |  5.0
Spellcasting   | 3 |  3.0
Evocations     | 3 5 |  5.1
Ice Magic      | |  0.5

Action                     |  1- 3 |  4- 6 |  7- 9 || total
---------------------------+-------+-------+-------++-------
  Melee: Unarmed           |    86 |   143 |   223 ||   452
         Headbutt          |    12 |    15 |    28 ||    55
         Kick              |    16 |    18 |    45 ||    79
         Tailslap          |     3 |     9 |    44 ||    56
         Punch             |     2 |     1 |     7 ||    10
         Short sword       |       |       |    35 ||    35
         Dire flail        |       |       |     1 ||     1
   Cast: Beastly Appendage |    16 |    19 |    18 ||    53
         Wereblood         |     1 |     1 |     6 ||     8
         Spider Form       |       |     1 |     1 ||     2
 Invoke: Serpent's Lash    |       |       |     1 ||     1
Ability: Lunge             |     4 |    15 |    23 ||    42
         Whirlwind         |       |     3 |    22 ||    25
         Breathe Noxious F |       |       |    13 ||    13
         Wall Jump         |       |       |     7 ||     7
    Use: Potion            |       |       |     1 ||     1
   Stab: Sleeping          |     2 |       |     1 ||     3
         Confused          |       |       |     4 ||     4
 Armour: Skin              |    15 |    17 |    38 ||    70
  Dodge: Dodged            |    74 |   102 |   137 ||   313
